 Dungeon Crawl Stone Soup version 0.29.1-2-gbd0b4ee654 (webtiles) character file.

Game seed: 10274510321504376767

96 zermelo the Firebug (level 4, 0/38 HPs)
             Began as a Gnoll Wanderer on Nov 30, 2022.
             Slain by a black bear (4 damage)
             ... on level 2 of the Dungeon.
             The game lasted 00:20:05 (3365 turns).

zermelo the Firebug (Gnoll Wanderer)                Turns: 3365, Time: 00:20:06

Health: 0/38       AC:  5    Str: 12    XL:     4   Next: 67%
Magic:  8/8        EV: 15    Int: 11    God:
Gold:   97         SH:  0    Dex: 13    Spells: 9/9 levels left

rFire   + . .      SeeInvis .   g - +0 whip
rCold   . . .      Faith    .   (no shield)
rNeg    . . .      Spirit   .   l - +0 leather armour
rPois   .          Reflect  .   (no helmet)
rElec   .          Harm     .   (no cloak)
rCorr   .          Rampage  .   q - +0 pair of gloves
Will    .....                   d - +0 pair of boots
Stlth   ++........              (no amulet)
HPRegen 0.12/turn               r - +4 ring of evasion
MPRegen 0.11/turn               b - ring of protection from fire

@: no status effects
A: fangs 1, strong nose, distributed training
a: no special abilities


You were on level 2 of the Dungeon.
You visited 1 branch of the dungeon, and saw 2 of its levels.

You collected 97 gold pieces.

Inventory:

Hand Weapons
 a - a +0 dagger
 c - a +0 sling
 g - a +0 whip (weapon)
 j - a +0 club
Armour
 d - a +0 pair of boots (worn)
 l - a +0 leather armour (worn)
 q - a +0 pair of gloves (worn)
Jewellery
 b - a ring of protection from fire (right hand)
 r - a +4 ring of evasion (left hand)
 t - a ring of see invisible
Scrolls
 e - a scroll of enchant armour {unknown}
 f - 2 scrolls of blinking {unknown}
 m - 2 scrolls of vulnerability {unknown}
 n - 2 scrolls of identify {unknown}
 o - a scroll of amnesia {unknown}
 u - a scroll of fog {unknown}
Potions
 h - a potion of curing {unknown}
 i - 4 potions of brilliance {unknown}
 k - a potion of ambrosia {unknown}
 p - a potion of heal wounds {unknown}


   Skills:
 + Level 4.7 Fighting
 + Level 1.2 Short Blades
 + Level 1.2 Long Blades
 + Level 1.2 Axes
 + Level 1.2 Maces & Flails
 + Level 1.2 Polearms
 + Level 1.2 Staves
 + Level 1.2 Ranged Weapons
 + Level 1.2 Throwing
 + Level 1.2 Armour
 + Level 1.2 Dodging
 + Level 2.6 Stealth
 + Level 1.2 Shields
 + Level 1.2 Unarmed Combat
 + Level 3.0 Spellcasting
 + Level 1.0 Conjurations
 + Level 1.0 Hexes
 + Level 1.0 Summonings
 + Level 1.0 Necromancy
 + Level 1.0 Translocations
 + Level 1.0 Transmutations
 + Level 7.1 Fire Magic
 + Level 1.0 Ice Magic
 + Level 1.0 Air Magic
 + Level 1.0 Earth Magic
 + Level 3.9 Poison Magic
 + Level 1.4 Invocations
 + Level 1.2 Evocations


You had 9 spell levels left.
You didn't know any spells.
Your spell library contained the following spells:

 Spells                   Type           Power      Damage    Failure   Level
 Scorch                   Fire           34%        2d6       2%          2
 Foxfire                  Conj/Fire      40%        2x1d6     6%          1
 Sting                    Tmut/Pois      28%        1d4       12%         1
 Conjure Flame            Conj/Fire      10%        6-21      19%         3
 Spider Form              Tmut/Pois      7%         N/A       34%         3


Dungeon Overview and Level Annotations

Branches:
Dungeon (2/15)

Altars:
Vehumet


Innate Abilities, Weirdness & Mutations

You have very sharp teeth.
Your uncanny sense of smell can sniff out nearby items.
Your experience applies equally to all skills.


Message History

Aim: a black bear (severely wounded, very poisoned, 67% to hit)
You throw a poisoned dart. The poisoned dart hits the black bear.
The black bear is severely wounded.
You closely miss the black bear.
The black bear is severely wounded.
The black bear completely misses you.
The black bear claws you but does no damage.
The black bear barely misses you.
You completely miss the black bear.
The black bear is severely wounded.
The black bear goes berserk!
You hit the black bear.
You bite the black bear, but do no damage.
The black bear is almost dead.
The black bear barely misses you. x3; The black bear bites you!
The black bear misses you. x2
You hit the black bear but do no damage.
The black bear is almost dead.
The black bear barely misses you.
The black bear claws you but does no damage.
The black bear barely misses you.
You closely miss the black bear. You bite the black bear.
The black bear is almost dead.
The black bear bites you!
The black bear claws you but does no damage.
The black bear claws you. The black bear misses you. The black bear claws you.
The black bear claws you but does no damage.
You closely miss the black bear. You bite the black bear.
The black bear is almost dead.
The black bear closely misses you.
The black bear claws you but does no damage.
The black bear claws you.
You hit the black bear but do no damage.
The black bear is almost dead.
The black bear bites you!
* * * LOW HITPOINT WARNING * * *
The black bear barely misses you.
The black bear claws you but does no damage.
The black bear barely misses you. The black bear claws you.
You die...

..#.#
######.#.#####.#
#.#.# #.#....†..#
# ....#
#.#.####### #
#.### #.#.h.# #
#.# #.###.# # #.#
#(# #.# # #.# #(#
#.# #.# #h# #.#
#.# #@# #.##
#.##############.#
#..#
#...##...........#
##.#
###.##..##########
#.# ## #####...#
#.# ##. #...#...#
##.###### ##.#
#...#P..#
##.......# #.##
#...'...#
##..h####.# ##..
#'#'#P.##
#######....<###.#
##.


You could see a black bear (berserk, poisoned).

Vanquished Creatures
  A gnoll (D:2)
  2 adders (D:2)
  3 worms (D:2)
  A dart slug (D:1)
  8 endoplasms
  2 giant cockroaches (D:1)
  6 goblins
  7 hobgoblins (D:1)
  6 jackals
  2 ball pythons
  4 bats (D:1)
  A frilled lizard (D:1)
  4 kobolds
  7 rats
54 creatures vanquished.

Vanquished Creatures (others)
  5 fungi (D:1)
  5 plants (D:1)
10 creatures vanquished.

Grand Total: 64 creatures vanquished

Notes
Turn   | Place    | Note
-------+----------+-------------------------------------------
     0 | D:1      | zermelo the Gnoll Wanderer began the quest for the Orb.
     0 | D:1      | zermelo set off with the following items: a +0 dagger, a
                  | scroll of fear, a +0 robe, a +0 pair of boots; and the
                  | following spells available to memorise: Scorch, Foxfire,
                  | Sting, Conjure Flame, Spider Form.
     0 | D:1      | Reached XP level 1. HP: 20/20 MP: 4/4
   239 | D:1      | Reached XP level 2. HP: 25/26 MP: 5/5
  1113 | D:1      | Reached XP level 3. HP: 31/31 MP: 7/7
  1300 | D:1      | Reached skill level 1 in Invocations
  1501 | D:1      | Found a faded altar of an unknown god.
  1637 | D:2      | Reached skill level 1 in Short Blades
  1637 | D:2      | Reached skill level 1 in Long Blades
  1637 | D:2      | Reached skill level 1 in Axes
  1637 | D:2      | Reached skill level 1 in Maces & Flails
  1637 | D:2      | Reached skill level 1 in Polearms
  1637 | D:2      | Reached skill level 1 in Staves
  1637 | D:2      | Reached skill level 1 in Ranged Weapons
  1637 | D:2      | Reached skill level 1 in Throwing
  1637 | D:2      | Reached skill level 1 in Armour
  1637 | D:2      | Reached skill level 1 in Dodging
  1637 | D:2      | Reached skill level 1 in Shields
  1637 | D:2      | Reached skill level 1 in Unarmed Combat
  1637 | D:2      | Reached skill level 1 in Evocations
  1992 | D:2      | Reached XP level 4. HP: 16/38 MP: 8/8
  2627 | D:2      | Reached skill level 1 in Conjurations
  2627 | D:2      | Reached skill level 1 in Hexes
  2627 | D:2      | Reached skill level 1 in Summonings
  2627 | D:2      | Reached skill level 1 in Necromancy
  2627 | D:2      | Reached skill level 1 in Translocations
  2627 | D:2      | Reached skill level 1 in Transmutations
  2627 | D:2      | Reached skill level 1 in Ice Magic
  2627 | D:2      | Reached skill level 1 in Air Magic
  2627 | D:2      | Reached skill level 1 in Earth Magic
  2962 | D:2      | Noticed a black bear
  3139 | D:2      | Found a radiant altar of Vehumet.
  3365 | D:2      | Slain by a black bear

Illustrated notes

Levels and vault maps discovered:
D:1:      onia_arrival_handbag, layout_rooms,
          shapermc_ecumenical_altar_mp_ritualfount, palyth_stone_intersect,
          minmay_tree_intersection
D:2:      layout_loops_ring, basic_altar, minmay_misc_feat_nine_boxes,
          cheibrodos_gnoll_hut

Skill      XL: |  1  2  3  4 |
---------------+-------------+-----
Invocations    | 1 |  1.4
Short Blades   | 1 |  1.2
Long Blades    | 1 |  1.2
Axes           | 1 |  1.2
Maces & Flails | 1 |  1.2
Polearms       | 1 |  1.2
Staves         | 1 |  1.2
Ranged Weapons | 1 |  1.2
Throwing       | 1 |  1.2
Armour         | 1 |  1.2
Dodging        | 1 |  1.2
Shields        | 1 |  1.2
Unarmed Combat | 1 |  1.2
Evocations     | 1 |  1.2
Spellcasting   | 3 |  3.0
Conjurations   | 1 |  1.0
Hexes          | 1 |  1.0
Summonings     | 1 |  1.0
Necromancy     | 1 |  1.0
Translocations | 1 |  1.0
Transmutations | 1 |  1.0
Ice Magic      | 1 |  1.0
Air Magic      | 1 |  1.0
Earth Magic    | 1 |  1.0
Fighting       | |  4.7
Stealth        | |  2.6
Fire Magic     | |  7.1
Poison Magic   | |  3.9

Action                   |  1- 3 |  4- 6 || total
-------------------------+-------+-------++-------
Melee: Dagger            |    64 |       ||    64
       Whip              |   129 |    69 ||   198
       Bite              |    17 |    12 ||    29
       Punch             |     1 |     1 ||     2
 Fire: Sling             |     5 |       ||     5
Throw: Stone             |    10 |     1 ||    11
       Dart              |       |     5 ||     5
  Use: Scroll            |     1 |       ||     1
 Stab: Sleeping          |     2 |       ||     2
Armor: Robe              |    16 |       ||    16
       Leather armour    |    36 |    23 ||    59
Dodge: Dodged            |   113 |    60 ||   173
